 Dungeon Crawl Stone Soup version 0.27.1-3-gb3d3a73c9e (webtiles) character file.

Game seed: 17481128112891978001

2106138 Daunt the Slayer (level 27, 244/244 HPs)
             Began as a Barachi Ice Elementalist on Oct 21, 2021.
             Was the Champion of Cheibriados.
             Escaped with the Orb
             ... and 4 runes on Oct 24, 2021!
             The game lasted 09:41:42 (89666 turns).

Daunt the Slayer (Barachi Ice Elementalist)        Turns: 89666, Time: 09:41:43

Health: 244/244    AC: 52    Str: 25    XL:     27
Magic:  35/35      EV: 19    Int: 38    God:    Cheibriados [******]
Gold:   5442       SH: 22    Dex: 35    Spells: 22/51 levels left

rFire    + + .     SeeInvis +   a - +9 double sword (vorpal)
rCold    + . .     Faith    .   M - +5 kite shield {reflect}
rNeg     + . .     Spirit   .   e - +12 gold dragon scales
rPois    +         Reflect  +   t - +0 helmet of the Armadillo {rF+}
rElec    +         Harm     .   X - +2 cloak {Will+}
rCorr    .         Rampage  .   h - +1 pair of gloves of Classification {rElec rN+}
Will     +++..     Rnd*Rage +   w - +1 pair of boots
Stlth    ..........             B - amulet of regeneration
HPRegen  1.50/turn              Q - ring of see invisible
MPRegen  0.24/turn              u - ring of Huon {AC+4 Int+2 Slay+6}

@: studying 2 skills, very slow
A: amphibious, slowness 1, strong legs 2, +LOS, berserk 2, low mp 1, mutation
resistance 1, sense surroundings 1, no potion heal 1, inability to read while
threatened
0: Orb of Zot
}: 4/15 runes: barnacled, slimy, silver, gossamer
a: Hop, Renounce Religion, Bend Time, Temporal Distortion, Slouch, Step From
Time


You escaped.
You worshipped Cheibriados.
Cheibriados was exalted by your worship.
You visited 12 branches of the dungeon, and saw 58 of its levels.
You visited the Abyss 1 time.
You also visited: Sewer, Ossuary and Bailey.

You collected 11613 gold pieces.
You spent 6171 gold pieces at shops.

Inventory:

Hand Weapons
 a - a +9 vorpal double sword (weapon)
 b - a +3 fustibalus of flaming
Missiles
 v - 289 sling bullets
 L - 9 throwing nets
Armour
 e - +12 gold dragon scales (worn)
 h - the +1 pair of gloves of Classification (worn) {rElec rN+}
   (You acquired it on level 3 of the Elven Halls)

   rElec:     It insulates you from electricity.
   rN:        It protects you from negative energy.
 t - the +0 helmet of the Armadillo (worn) {rF+}
   (You found it on level 2 of the Realm of Zot)

   rF:        It protects you from fire.
 w - a +1 pair of boots (worn)
 M - a +5 kite shield of reflection (worn)
 X - a +2 cloak of willpower (worn)
Jewellery
 c - the amulet of Sloth {Acrobat Dex+10 Stlth-}
   (You took it off a deep elf demonologist on level 3 of the Elven Halls)

   [amulet of the acrobat]

   It increases your evasion while moving and waiting.
   Dex:       It affects your dexterity (+10).
   Stlth:     It makes you less stealthy.
 q - the ring "Lovizikh" {rN+ rCorr Str+3 Int+3 Dex-4}
   (You bought it in a shop on level 2 of the Orcish Mines)

   [ring of positive energy]

   Str:       It affects your strength (+3).
   Int:       It affects your intelligence (+3).
   Dex:       It affects your dexterity (-4).
   rN:        It protects you from negative energy.
   rCorr:     It protects you from acid and corrosion.
 u - the ring of Huon (right hand) {AC+4 Int+2 Slay+6}
   (You found it on level 5 of the Pits of Slime)

   [ring of protection]

   AC:        It affects your AC (+4).
   Int:       It affects your intelligence (+2).
   Slay:      It affects your accuracy & damage with ranged weapons and melee
   (+6).
 y - the ring of Rerokki {rElec rPois Str+6 Int+4}
   (You acquired it in a bailey)

   [ring of poison resistance]

   Str:       It affects your strength (+6).
   Int:       It affects your intelligence (+4).
   rElec:     It insulates you from electricity.
   rPois:     It protects you from poison.
 z - a ring of protection from fire
 B - an amulet of regeneration (around neck)
 I - the ring of the Tortoise {AC+8}
   (You bought it in a shop on level 2 of the Orcish Mines)

   [ring of protection]

   AC:        It affects your AC (+8).
 Q - a ring of see invisible (left hand)
 Z - a ring of protection from cold
Wands
 d - a wand of acid (10)
 i - a wand of paralysis (20)
 n - a wand of mindburst (27)
 K - a wand of digging (8)
 P - a wand of iceblast (51)
Scrolls
 f - 2 scrolls of holy word
 k - 5 scrolls of immolation
 m - 4 scrolls of magic mapping
 o - 9 scrolls of blinking
 A - 13 scrolls of fear
 D - 3 scrolls of summoning
 E - 10 scrolls of teleportation
 H - 5 scrolls of fog
 N - 3 scrolls of silence
Potions
 j - 7 potions of attraction
 l - 5 potions of brilliance
 p - 15 potions of heal wounds
 r - 12 potions of flight
 C - 8 potions of ambrosia
 F - 25 potions of curing
 G - 3 potions of might
 J - 3 potions of resistance
 R - 4 potions of mutation
 S - 3 potions of invisibility
 U - 3 potions of cancellation
 Y - 3 potions of magic
Miscellaneous
 g - a tin of tremorstones (2/2)
 s - a condenser vane
 x - a lightning rod (4/4)
 O - a phantom mirror
 T - a phial of floods
 W - a box of beasts


   Skills:
 + Level 25.7 Fighting
 + Level 24.7 Long Blades
 - Level 11.0 Slings
 - Level 22.0 Armour
 - Level 15.0 Dodging
 - Level 5.0 Stealth
 - Level 15.0 Shields
 + Level 12.6 Spellcasting
 - Level 4.0 Conjurations
 - Level 7.2 Translocations
 - Level 3.0 Transmutations
 - Level 21.0 Ice Magic
 - Level 3.0 Earth Magic
 - Level 16.0 Invocations
 + Level 19.3 Evocations


You had 22 spell levels left.
You knew the following spells:

 Your Spells              Type           Power      Damage    Failure   Level
a - Freeze                Ice            100%       1d11      0%          1
b - Blink                 Tloc           N/A        N/A       1%          2
f - Ozocubu's Refrigerat  Ice            55%        4d16      2%          7
g - Passage of Golubria   Tloc           N/A        N/A       10%         4
h - Hailstorm             Conj/Ice       87%        3d17      1%          4
l - Lesser Beckoning      Tloc           34%        N/A       3%          3
o - Ozocubu's Armour      Ice            100%       N/A       0%          3
p - Passwall              Tmut/Erth      38%        N/A       9%          2
r - Frozen Ramparts       Ice            100%       1d12      0%          3

Your spell library contained the following spells:

 Spells                   Type           Power      Damage    Failure   Level
 Ensorcelled Hibernation  Hex/Ice        100%       N/A       1%          2
 Magic Dart               Conj           100%       1d8       3%          1
 Gell's Gravitas          Tloc           34%        N/A       3%          3
 Teleport Other           Tloc           68%        N/A       3%          3
 Beastly Appendage        Tmut           92%        N/A       5%          1
 Searing Ray              Conj           100%       3d7       5%          2
 Shock                    Conj/Air       100%       1d9       9%          1
 Wereblood                Tmut           46%        N/A       9%          2
 Portal Projectile        Hex/Tloc       100%       N/A       13%         3
 Stone Arrow              Conj/Erth      100%       3d13      13%         3
 Freezing Cloud           Conj/Ice/Air   36%        6-21      17%         5
 Animate Skeleton         Necr           48%        N/A       19%         1
 Pain                     Necr           96%        1d8       19%         1
 Summon Small Mammal      Summ           96%        N/A       19%         1
 Manifold Assault         Tloc           68%        N/A       26%         5
 Call Imp                 Summ           24%        N/A       28%         2
 Corpse Rot               Necr/Air       N/A        N/A       28%         2
 Poisonous Vapours        Pois/Air       48%        N/A       28%         2
 Slow                     Hex            24%        N/A       28%         2
 Sublimation of Blood     Necr           12%        N/A       28%         2
 Spider Form              Tmut/Pois      17%        N/A       30%         3
 Mephitic Cloud           Conj/Pois/Air  34%        N/A       32%         3
 Ignite Poison            Fire/Tmut/Pois 31%        N/A       36%         3
 Simulacrum               Ice/Necr       40%        N/A       36%         6
 Call Canine Familiar     Summ           24%        N/A       50%         3
 Confusing Touch          Hex            24%        N/A       50%         3
 Summon Guardian Golem    Hex/Summ       24%        N/A       50%         3
 Swiftness                Air            24%        N/A       50%         3
 Vampiric Draining        Necr           12%        2d7       50%         3
 Petrify                  Tmut/Erth      46%        N/A       50%         4
 Fulminant Prism          Conj/Hex       19%        3d11      63%         4
 Iskenderun's Battlesphe  Conj           53%        2d10      69%         5
 Animate Armour           Summ/Erth      70%        N/A       71%         4
 Leda's Liquefaction      Hex/Erth       17%        N/A       71%         4
 Summon Forest            Summ/Tloc      25%        N/A       75%         5
 Irradiate                Conj/Tmut      25%        3d21      77%         5
 Blade Hands              Tmut           23%        N/A       83%         5
 Dispersal                Tloc           34%        N/A       83%         6
 Airstrike                Air            12%        N/A       88%         4
 Animate Dead             Necr           12%        N/A       88%         4
 Olgreb's Toxic Radiance  Pois           24%        N/A       88%         4
 Bolt of Magma            Conj/Fire/Erth 20%        4d10      89%         5
 Fireball                 Conj/Fire      19%        3d9       92%         5
 Yara's Violent Unravell  Hex/Tmut       17%        3d8       96%         5
 Agony                    Necr           24%        N/A       99%         5
 Excruciating Wounds      Necr           12%        N/A       99%         5
 Silence                  Hex/Air        12%        N/A       99%         5
 Death Channel            Necr           12%        N/A       100%        6
 Invisibility             Hex            12%        N/A       100%        6
 Iron Shot                Conj/Erth      25%        9d5       100%        6
 Shadow Creatures         Summ           N/A        N/A       100%        6
 Starburst                Conj/Fire      19%        6d7       100%        6
 Statue Form              Tmut/Erth      30%        N/A       100%        6
 Dragon Form              Tmut           23%        N/A       100%        7
 Spellforged Servitor     Conj/Summ      19%        N/A       100%        7
 Storm Form               Tmut/Air       17%        N/A       100%        7
 Summon Hydra             Summ           12%        N/A       100%        7
 Ignition                 Fire           12%        3d6       100%        8
 Infestation              Necr           12%        N/A       100%        8
 Lehudib's Crystal Spear  Conj/Erth      25%        10d7      100%        8
 Necromutation            Tmut/Necr      17%        N/A       100%        8


Dungeon Overview and Level Annotations

Branches:
Dungeon (15/15)            Temple (1/1) D:5            Lair (6/6) D:9
 Shoals (4/4) Lair:4       Spider (4/4) Lair:3        Slime (5/5) Lair:5
    Orc (2/2) D:12            Elf (3/3) Orc:2        Vaults (5/5) D:14
  Crypt (3/3) Vaults:2       Tomb (0/3) Crypt:3      Depths (5/5) D:15
    Zot (5/5) Depths:5      Sewer (visited)         Ossuary (visited)
 Bailey (visited)

Altars:
Ashenzari
Cheibriados
Dithmenos
Elyvilon
Fedhas
Hepliaklqana
Kikubaaqudgha
Nemelex Xobeh
Okawaru
Ru
Sif Muna
Trog
Vehumet
Wu Jian
Xom
Yredelemnul
Zin
The Shining One
Beogh

Shops:
Orc:2 !:=[   Elf:1 *   Vaults:3 *?   Depths:1 ::=*   Depths:4 (

Portals:
Hell: Depths:1 Depths:2 Depths:3 Depths:4 Depths:5
Abyss: Depths:2 Depths:3 Depths:4 Depths:5
Pandemonium: Depths:3
Ziggurat: Depths:5

Annotations:
Elf:2 1 runed translucent door
Vaults:2 Margery


Innate Abilities, Weirdness & Mutations

You are amphibious.
You cover ground slowly.
You can hop long distances.
You have an extended range of vision and can be seen from far away.
You often lose your temper in combat.
Your magical capacity is low. (-10% MP)
You are somewhat resistant to further mutation.
You passively map a small area around you.
Potions are less effective at restoring your health.
You sometimes lose the ability to read scrolls when taking damage.


Message History

(N) Spider Nest (M) Slime Pits (O) Orcish Mines (E) Elven Halls (V) Vaults (C) Crypt (W) Tomb (U) Depths (H) Hell (Z) Zot
Where to? (Enter - D:1 @ (x,y), ? - help)
You recover from your berserk rage.
HP restored.
There is a stone staircase leading up here.
You climb upwards.
There is a stone staircase leading down here.
A smoke demon comes into view.
The smoke demon moves out of view.
(D) Dungeon (T) Temple (L) Lair (A) Shoals (N) Spider Nest (M) Slime Pits (O) Orcish Mines (E) Elven Halls (V) Vaults (C) Crypt (W) Tomb (U) Depths (H) Hell (Z) Zot
Where to? (Enter - D:1 @ (x,y), ? - help)
The smoke demon gestures at you.
The ball of steam hits you but does no damage.
You slash the smoke demon!
The smoke demon is moderately wounded.
The smoke demon gestures at you. The sticky flame misses you.
You slice the smoke demon!!
The smoke demon is almost dead.
You slice the smoke demon!!
You kill the smoke demon!
Cheibriados appreciates the change of pace.
(D) Dungeon (T) Temple (L) Lair (A) Shoals (N) Spider Nest (M) Slime Pits (O) Orcish Mines (E) Elven Halls (V) Vaults (C) Crypt (W) Tomb (U) Depths (H) Hell (Z) Zot
Where to? (Enter - D:1 @ (x,y), ? - help)
You see here a +0 club.
There is a stone staircase leading up here.
You climb upwards.
There is a stone staircase leading down here.
You see here a +0 club.
There is a large open door here.
There is a staircase leading out of the dungeon here.
You have escaped!

...#...........# #.......
...+...........# #.......
...#...........# ####....
)###...........###########.......
.# #...........#8≈≈≈≈§≈≈8#.......
.# #........##.#....§....#.#.....
.# #........'..#.........#.#.....
.# #.##.....####....8§...'.#.....
.# #.##........#@...8....'.#.....
.# #.##........#......§..#.#.....
.###.##......###.....§§§.#.#.....
......'........#8≈≈§§§§≈8#...####
####.##.....##.###########...####
#.##..........................
#.###+#'#.#.######.#.#..######
#.# #.#.#.....................
####.# #.#.####.#########..######


There were no monsters in sight!

Vanquished Creatures
  the Royal Jelly (Slime:5)
  3 dread liches
  Khufu (Crypt:3)
  8 orbs of fire
  2 ancient liches (Zot:5)
  Mennas (Vaults:4)
  2 juggernauts (Depths:4)
  The ghost of TheGamechu the Slayer, a veteran MiFi of Yredelemnul (Zot:2)
  Sojobo (Crypt:2)
  3 Killer Klowns (Zot:5)
  Frederick (Vaults:4)
  Boris (twice) (Vaults:4 D:3)
  Bai Suzhen (D:15)
  Saint Roka (Depths:2)
  2 curse toes
  Xtahua (Vaults:4)
  11 golden dragons
  2 profane servitors
  Nikola (Spider:1)
  A bone dragon (Crypt:3)
  A Tzitzimitl (D:11)
  Arachne (Spider:2)
  The ghost of Icepheonix32 the Hoplite, an adept DsFi of Okawaru (Elf:3)
  A hellephant (D:9)
  A Brimstone Fiend (Spider:4)
  21 tentacled monstrosities
  3 electric golems
  An Ice Fiend (D:8)
  29 Orb Guardians
  The ghost of Sianeop the Warrior, an adept GrFi of Cheibriados (Vaults:3)
  Rupert (Lair:5)
  7 liches
  A Hell Sentinel (Zot:5)
  6 titans
  21 acid blobs
  4 quicksilver dragons
  2 deep elf master archers (Elf:3)
  2 deep elf blademasters (Elf:3)
  8 sphinxes
  4 krakens (Shoals:1)
  The ghost of belegose the Blocker, an adept DsGl of Makhleb (Elf:3)
  3 ancient champions
  18 death cobs
  11 shadow dragons
  A tentacled starspawn (Abyss:2)
  11 tengu reavers
  14 storm dragons
  Donald (Shoals:3)
  4 revenants
  5 draconian monks
  7 azure jellies
  12 rockslimes
  Roxanne (Shoals:3)
  Louise (Depths:2)
  4 iron dragons
  An orc warlord (Bailey)
  10 ghost moths
  14 vault wardens
  11 fire giants
  8 deep elf sorcerers
  6 draconian shifters
  4 draconian scorchers
  3 deep elf elementalists (Elf:3)
  2 cacodemons
  2 emperor scorpions
  A curse skull (Crypt:2)
  2 draconian stormcallers
  12 frost giants
  5 spriggan defenders (Depths:3)
  20 stone giants
  9 quicksilver oozes
  2 ghouls
  A draconian annihilator (Zot:4)
  15 very ugly things
  18 ironbound preservers
  A reaper (Crypt:2)
  8 war gargoyles
  12 vampire knights
  8 deep elf demonologists
  6 entropy weavers
  5 black draconians
  An entropy weaver (shapeshifter) (Vaults:2)
  A lorocyproca (D:8)
  6 green draconians
  4 deep elf annihilators (Elf:3)
  9 white draconians
  7 purple draconians
  5 red draconians
  12 yellow draconians
  7 dire elephants
  6 spark wasps
  A spark wasp (shapeshifter) (D:15)
  9 eidola
  21 ettins
  2 crystal guardians (Vaults:1)
  8 merfolk impalers
  14 deep elf death magi
  3 merfolk javelineers
  14 yaktaur captains
  11 fire dragons
  20 jiangshi
  A deep elf high priest (Vaults:5)
  12 great orbs of eyes
  9 rakshasas
  A quicksilver dragon skeleton (Depths:5)
  A fenstrider witch zombie (Crypt:2)
  6 ironbound thunderhulks
  16 hydras
  4 peacekeepers
  29 vault guards
  20 ice dragons
  2 catoblepae (Lair:6)
  2 boulder beetles
  Erolcha (D:11)
  A great orb of eyes (shapeshifter) (Vaults:5)
  4 spriggan air magi
  4 ogre magi
  2 hell beasts (Depths:2)
  3 merfolk avatars
  4 centaur warriors
  3 death knights (Crypt:3)
  8 ironbound frosthearts
  5 merfolk aquamancers
  8 deep troll shamans
  36 dancing weapons
  4 alligator snapping turtles
  4 vampire magi
  4 two-headed ogres
  3 death yaks (Lair:6)
  11 deep troll earth magi
  A satyr (Shoals:4)
  10 tengu warriors
  Urug (D:12)
  3 ironbound beastmasters
  13 hell knights
  10 spriggan berserkers
  6 iron trolls
  A titan zombie (Vaults:5)
  Nergalle (D:10)
  A spectral minotaur (Crypt:3)
  15 deep elf knights
  A wretched star (Abyss:2)
  A storm dragon zombie (Crypt:2)
  2 soul eaters
  A titan skeleton (Depths:4)
  A sixfirhy (Zot:1)
  5 shadow wraiths
  A storm dragon skeleton (Depths:4)
  A shadow demon (D:4)
  24 skeletal warriors
  An anaconda zombie (Crypt:1)
  A golden dragon zombie (Crypt:1)
  4 sea snakes
  A ghost moth zombie (Abyss:2)
  A bunyip zombie (Crypt:2)
  A quicksilver dragon simulacrum (Crypt:3)
  5 large abominations
  An orange crystal statue (Depths:4)
  60 deep trolls
  4 glowing orange brains
  7 flayed ghosts
  An obsidian statue (Vaults:2)
  13 wizards
  2 bog bodies (Crypt:2)
  8 ironbound convokers
  10 deep elf archers
  25 deep elf zephyrmancers
  An anaconda skeleton (Crypt:1)
  22 necromancers
  17 harpies
  14 phantasmal warriors
  2 orc knights
  23 orb spiders
  A wolf spider zombie (Crypt:1)
  28 deep elf pyromancers
  12 orc sorcerers
  A frost giant zombie (Depths:2)
  A shadow dragon skeleton (Crypt:2)
  2 cyclopes
  18 fauns
  12 shining eyes
  A stone giant zombie (Crypt:1)
  A sphinx skeleton (Vaults:2)
  4 oklob plants (Lair:3)
  8 manticores
  35 wolf spiders
  A faun (shapeshifter) (Depths:3)
  An orb spider (shapeshifter) (D:13)
  40 ugly things
  A worldbinder (Abyss:2)
  5 elephants (Lair:6)
  13 vault sentinels
  A stone giant skeleton (Vaults:5)
  A naga mage (Vaults:3)
  6 black mambas
  4 eyes of devastation
  28 moths of wrath
  10 merfolk sirens
  A water nymph (shapeshifter) (Depths:3)
  5 torpor snails
  3 smoke demons
  3 orange demons
  A water nymph (Shoals:4)
  15 demonic crawlers
  A molten gargoyle (D:14)
  A komodo dragon (shapeshifter) (Vaults:5)
  26 yaktaurs
  12 cane toads
  2 efreet
  6 komodo dragons
  A kobold demonologist (D:13)
  A red draconian skeleton (Crypt:1)
  5 tengu conjurers
  A rime drake (Lair:3)
  A harpy zombie (D:15)
  A tormentor (Zot:1)
  A silent spectre (Depths:4)
  7 guardian mummies (Crypt:3)
  3 trolls
  A yaktaur (shapeshifter) (D:13)
  5 freezing wraiths
  42 jumping spiders
  An iron troll skeleton (Crypt:2)
  A tengu simulacrum (Depths:3)
  6 polar bears
  3 harpy skeletons
  32 merfolk
  102 slime creatures
  4 wind drakes
  A tyrant leech (shapeshifter) (Vaults:5)
  A raiju (Abyss:2)
  A sphinx simulacrum (Depths:3)
  10 blink frogs
  6 hornets
  An ettin zombie (Depths:2)
  4 dream sheep
  5 air elementals
  3 ice dragon skeletons
  2 frost giant simulacra
  17 snapping turtles
  An ettin skeleton (Depths:2)
  56 flying skulls
  A centaur simulacrum (D:15)
  A black mamba zombie (Crypt:2)
  68 redbacks
  5 elf zombies
  4 shadows
  4 small abominations
  5 wraiths
  37 yaks
  2 wyverns
  A dire elephant simulacrum (Crypt:3)
  8 water elementals
  41 tarantellas
  4 steam dragons
  A chaos spawn (Abyss:2)
  A fire bat (shapeshifter) (Vaults:5)
  3 fire elementals
  A black mamba skeleton (Crypt:2)
  7 vampire mosquitoes
  4 golden eyes
  6 basilisks
  3 human zombies
  A water nymph zombie (Crypt:1)
  Menkaure (D:5)
  A swamp worm (shapeshifter) (Vaults:1)
  6 wargs
  A harpy simulacrum (Crypt:1)
  2 neqoxecs
  An acid dragon (D:10)
  17 water moccasins
  3 floating eyes
  Purgy (Sewer)
  5 black bears (Lair:1)
  2 sky beasts (D:7)
  20 orc warriors
  An ice beast (Abyss:2)
  A spriggan simulacrum (Depths:2)
  A fire dragon simulacrum (Crypt:1)
  5 necrophages
  12 ogres
  A wolf (shapeshifter) (Vaults:5)
  14 wolves
  25 centaurs
  A human skeleton (Vaults:2)
  A phantom (D:6)
  4 kobold brigands
  19 bullfrogs
  A draconian zombie (Crypt:1)
  2 gnoll sergeants
  6 water moccasin zombies
  A wyvern zombie (Crypt:2)
  2 earth elementals (Elf:1)
  2 salamander skeletons (Crypt:2)
  A water moccasin skeleton (Crypt:1)
  A troll skeleton (Abyss:2)
  9 killer bees
  An elephant simulacrum (Lair:2)
  16 wights
  5 howler monkeys
  6 electric eels
  3 lava snakes (D:14)
  A crimson imp (D:5)
  15 starcursed masses (Abyss:2)
  A basilisk zombie (Crypt:2)
  3 centaur zombies
  2 hounds (D:5)
  14 orc priests
  A jelly (D:5)
  2 bullfrog skeletons
  2 iguanas
  Ijyb (D:3)
  Natasha (thrice) (D:3)
  41 orc wizards
  A hell rat (Lair:3)
  A polar bear simulacrum (Lair:2)
  A killer bee zombie (D:9)
  A hound skeleton (D:5)
  3 mummies
  Robin (D:2)
  A howler monkey skeleton (D:5)
  4 adders
  14 gnolls
  An ogre simulacrum (Crypt:3)
  A white imp (Vaults:2)
  6 adder zombies
  A halfling skeleton (Crypt:2)
  4 worms
  A dart slug (D:1)
  73 orcs
  14 ball pythons
  2 bats
  11 endoplasms
  2 giant cockroaches
  16 goblins
  13 hobgoblins
  6 jackals
  30 kobolds
  4 quokkas
  2 frilled lizards (D:1)
  2 gnoll zombies (Ossuary)
  2 hobgoblin zombies (Ossuary)
  5 kobold zombies (Ossuary)
  3 orc zombies (Ossuary)
  A quokka skeleton (Crypt:2)
  7 rats
  A spectral kobold (D:7)
  2 starspawn tentacles (Abyss:2)
  14 tentacles (Shoals:1)
2517 creatures vanquished.

Vanquished Creatures (collateral kills)
  Mara (Vaults:3)
  2 mummy priests (Crypt:3)
  An ironbound convoker (Vaults:4)
  An ugly thing (Depths:2)
  A vault sentinel (Vaults:4)
  A yaktaur (Vaults:2)
7 creatures vanquished.

Vanquished Creatures (others)
  A deep elf demonologist (Elf:2)
  A red draconian (Zot:1)
  2 rakshasas
  A vault guard (Vaults:3)
  A deep troll (Depths:4)
  2 wizards
  A deep elf pyromancer (Elf:3)
  A moth of wrath (Zot:5)
  An orb spider (Spider:1)
  A black mamba (Lair:6)
  A tarantella (Spider:2)
  A human (shapeshifter) (Vaults:5)
  31 fungi
  256 plants
  5 starspawn tentacles (Abyss:2)
  21 tentacles (Shoals:1)
327 creatures vanquished.

Grand Total: 2851 creatures vanquished

Notes
Turn   | Place    | Note
-------+----------+-------------------------------------------
     0 | D:1      | Daunt the Barachi Ice Elementalist began the quest for the
                  | Orb.
     0 | D:1      | Reached XP level 1. HP: 13/13 MP: 3/3
    51 | D:1      | Reached skill level 5 in Ice Magic
    63 | D:1      | Found a faded altar of an unknown god.
   393 | D:1      | Reached XP level 2. HP: 19/19 MP: 3/5
   979 | D:1      | Reached XP level 3. HP: 19/24 MP: 1/6
   983 | D:1      | Learned a level 3 spell: Ozocubu's Armour
  1650 | D:2      | Noticed Robin
  1689 | D:2      | Killed Robin
  1690 | D:2      | Reached skill level 1 in Fighting
  1758 | D:2      | Reached XP level 4. HP: 31/32 MP: 7/7
  1950 | D:2      | Learned a level 3 spell: Frozen Ramparts
  2694 | D:3      | Noticed Natasha
  2702 | D:3      | Killed Natasha
  2844 | D:3      | Reached skill level 2 in Fighting
  3072 | D:3      | Reached XP level 5. HP: 38/38 MP: 6/8
  3151 | D:3      | Noticed Natasha
  3156 | D:3      | Killed Natasha
  3209 | D:3      | Noticed Natasha
  3219 | D:3      | Killed Natasha
  3220 | D:3      | Reached skill level 3 in Fighting
  3462 | D:3      | Noticed Ijyb
  3475 | D:3      | Killed Ijyb
  3856 | D:4      | Noticed a centaur
  3899 | D:4      | Found a glowing drain.
  3950 | Sewer    | Entered a sewer
  4069 | Sewer    | Noticed Purgy
  4077 | Sewer    | Killed Purgy
  4078 | Sewer    | Reached skill level 4 in Fighting
  4078 | Sewer    | Reached XP level 6. HP: 48/48 MP: 3/9
  4194 | D:4      | Found a sand-covered staircase.
  4200 | Ossuary  | Entered an ossuary
  4744 | Ossuary  | Reached skill level 1 in Transmutations
  4744 | Ossuary  | Reached skill level 1 in Earth Magic
  4744 | Ossuary  | Reached XP level 7. HP: 49/55 MP: 10/10
  4954 | Ossuary  | Reached skill level 5 in Fighting
  5290 | Ossuary  | Learned a level 2 spell: Passwall
  6338 | D:5      | Entered Level 5 of the Dungeon
  6349 | D:5      | Reached skill level 1 in Shields
  6353 | D:5      | Reached XP level 8. HP: 64/64 MP: 9/12
  6533 | D:5      | Found a staircase to the Ecumenical Temple.
  6598 | Temple   | Entered the Ecumenical Temple
  6630 | Temple   | Became a worshipper of Cheibriados the Contemplative
  6718 | D:5      | Reached skill level 6 in Fighting
  6718 | D:5      | Reached skill level 1 in Evocations
  6816 | D:5      | Noticed Menkaure
  8348 | D:6      | Reached skill level 7 in Fighting
  8586 | D:6      | Found a shimmering altar of Xom.
  9126 | D:7      | Reached * piety under Cheibriados
  9164 | D:7      | Reached XP level 9. HP: 69/74 MP: 1/13
  9191 | D:7      | Reached skill level 8 in Fighting
  9191 | D:7      | Reached skill level 5 in Stealth
  9453 | D:7      | Found a hazy altar of Hepliaklqana.
  9555 | D:7      | Found a white marble altar of Elyvilon.
  9624 | D:7      | Learned a level 4 spell: Hailstorm
  9917 | D:7      | Reached skill level 5 in Dodging
 10196 | D:8      | Reached skill level 9 in Fighting
 10511 | D:8      | Found an ancient bone altar of Kikubaaqudgha.
 10582 | D:8      | Reached ** piety under Cheibriados
 10657 | D:8      | Reached skill level 10 in Fighting
 10658 | D:8      | Reached XP level 10. HP: 49/86 MP: 6/16
 10661 | D:8      | Reached skill level 11 in Fighting
 10831 | D:8      | Learned a level 3 spell: Lesser Beckoning
 11549 | D:9      | Found a staircase to the Lair.
 11599 | D:9      | Reached skill level 1 in Conjurations
 11599 | D:9      | Reached skill level 1 in Translocations
 11609 | D:9      | Reached *** piety under Cheibriados
 11790 | D:9      | Reached skill level 5 in Spellcasting
 11793 | D:9      | Learned a level 2 spell: Blink
 11844 | D:9      | Reached skill level 1 in Armour
 12666 | D:10     | Entered Level 10 of the Dungeon
 12732 | D:10     | Reached skill level 1 in Invocations
 12769 | D:10     | Reached **** piety under Cheibriados
 12770 | D:10     | Reached XP level 11. HP: 71/95 MP: 15/18
 12809 | D:10     | Noticed Nergalle
 13017 | D:10     | Reached skill level 12 in Fighting
 13048 | D:10     | Found a flagged portal.
 13088 | Bailey   | Entered a bailey
 13114 | Bailey   | Noticed an orc warlord
 13164 | Bailey   | Noticed an orc knight
 13175 | Bailey   | Killed an orc knight
 13325 | Bailey   | Found a runed translucent gate.
 13326 | Bailey   | Found a runed translucent gate.
 13329 | Bailey   | Found a runed translucent gate.
 13351 | Bailey   | Reached ***** piety under Cheibriados
 13573 | Bailey   | Killed an orc warlord
 14022 | Bailey   | Acquired the ring of Rerokki {rElec rPois Str+6 Int+4}
 14026 | Bailey   | Acquired 1041 gold pieces
 14352 | D:10     | Found a glowing silver altar of Zin.
 14364 | D:10     | Found an iron altar of Okawaru.
 14445 | D:10     | Killed Nergalle
 14821 | D:5      | Killed Menkaure
 14977 | Lair:1   | Entered Level 1 of the Lair of Beasts
 15085 | Lair:1   | Reached skill level 1 in Slings
 15201 | Lair:1   | Found a broken altar of Ashenzari.
 15215 | Lair:1   | Reached skill level 5 in Evocations
 15417 | Lair:1   | Noticed an eight-headed hydra
 15427 | Lair:1   | Killed a nine-headed hydra
 15428 | Lair:1   | Reached skill level 5 in Invocations
 15589 | Lair:1   | Reached skill level 5 in Slings
 15589 | Lair:1   | Reached XP level 12. HP: 101/103 MP: 19/19
 15616 | Lair:1   | Found an iron altar of Okawaru.
 16146 | Lair:2   | Noticed a six-headed hydra
 16266 | Lair:2   | Noticed a seven-headed hydra
 16279 | Lair:2   | Killed an eight-headed hydra
 16280 | Lair:2   | Reached skill level 5 in Armour
 16319 | Lair:2   | Killed a six-headed hydra
 16420 | Lair:2   | Reached skill level 10 in Dodging
 16969 | Lair:2   | Noticed a six-headed hydra
 16980 | Lair:2   | Killed a six-headed hydra
 17491 | Lair:3   | Reached ****** piety under Cheibriados
 17492 | Lair:3   | Reached skill level 13 in Fighting
 17589 | Lair:3   | Noticed a five-headed hydra
 17598 | Lair:3   | Killed a five-headed hydra
 17617 | Lair:3   | Gained mutation: You can hop long distances. [Barachi
                  | growth]
 17617 | Lair:3   | Reached XP level 13. HP: 111/111 MP: 16/20
 17996 | Lair:3   | Found a hole to the Spider Nest.
 18176 | Lair:3   | Reached skill level 14 in Fighting
 18595 | Lair:4   | Found a staircase to the Shoals.
 18760 | Lair:4   | Reached skill level 15 in Fighting
 19321 | Lair:4   | Acquired 895 gold pieces
 19680 | Lair:5   | Reached skill level 16 in Fighting
 19977 | Lair:5   | Noticed Rupert
 20685 | Lair:5   | Found a staircase to the Slime Pits.
 21151 | Lair:6   | Entered Level 6 of the Lair of Beasts
 21343 | Lair:6   | Reached skill level 17 in Fighting
 21454 | Lair:6   | Reached XP level 14. HP: 122/124 MP: 14/21
 21712 | Lair:6   | Reached skill level 1 in Long Blades
 21721 | Lair:6   | Noticed a dire elephant
 21732 | Lair:6   | Killed a dire elephant
 22186 | Lair:6   | Reached skill level 5 in Long Blades
 23227 | D:11     | Noticed Erolcha
 23237 | D:11     | Killed Erolcha
 23610 | D:11     | Found a glowing golden altar of the Shining One.
 24007 | D:12     | Found a staircase to the Orcish Mines.
 24484 | D:12     | Noticed Urug
 24490 | D:12     | Killed Urug
 25694 | D:13     | Found a shadowy altar of Dithmenos.
 25912 | D:13     | Reached XP level 15. HP: 134/134 MP: 19/22
 26574 | Lair:5   | Killed Rupert
 27345 | D:14     | Found a gate to the Vaults.
 27360 | D:14     | Reached skill level 10 in Long Blades
 27464 | D:14     | You fall into a shaft and drop 1 floor!
 27464 | D:15     | Entered Level 15 of the Dungeon
 28442 | D:15     | Found a staircase to the Depths.
 29213 | D:15     | Reached skill level 10 in Ice Magic
 29301 | D:15     | Reached skill level 10 in Invocations
 29925 | Orc:1    | Entered Level 1 of the Orcish Mines
 30419 | Orc:2    | Entered Level 2 of the Orcish Mines
 30750 | Orc:2    | Found a staircase to the Elven Halls.
 30886 | Orc:2    | Found Iwnalut's Jewellery Shoppe.
 30895 | Orc:2    | Found Ukeix's Antique Armour Emporium.
 30914 | Orc:2    | Bought a glowing kite shield for 285 gold pieces
 30914 | Orc:2    | Bought a pair of embroidered gloves for 285 gold pieces
 30964 | Orc:2    | Found a radiant altar of Vehumet.
 31033 | Orc:2    | Found Qieguaho's Book Shoppe.
 31072 | Orc:2    | Reached XP level 16. HP: 133/140 MP: 21/25
 31099 | Orc:2    | Found an ancient bone altar of Kikubaaqudgha.
 31183 | Orc:2    | Found Jauxarch's Distillery.
 31192 | Orc:2    | Bought a potion of heal wounds for 80 gold pieces
 31192 | Orc:2    | Bought a potion of resistance for 160 gold pieces
 31513 | Orc:2    | Bought a glowing scale mail for 266 gold pieces
 31537 | Orc:2    | Bought a shiny scale mail for 266 gold pieces
 31707 | Orc:2    | Bought the ring of the Tortoise {AC+8} for 1536 gold pieces
 31707 | Orc:2    | Found the ring of the Tortoise {AC+8}
 31722 | Orc:2    | Learned a level 7 spell: Ozocubu's Refrigeration
 31757 | Orc:2    | Bought a potion of cancellation for 128 gold pieces
 31976 | Spider:1 | Entered Level 1 of the Spider Nest
 33721 | Spider:1 | Noticed Nikola
 33735 | Spider:1 | Killed Nikola
 34587 | Spider:2 | Noticed Arachne
 34734 | Spider:2 | Killed Arachne
 35505 | Spider:2 | Identified the +4 hand axe of Xipees {vorpal, Dex+3}
 35733 | Spider:2 | Reached XP level 17. HP: 147/147 MP: 27/27
 35833 | Spider:3 | Reached skill level 15 in Ice Magic
 36508 | Spider:4 | Entered Level 4 of the Spider Nest
 36538 | Spider:4 | Reached skill level 5 in Shields
 36968 | Spider:4 | Noticed a Brimstone Fiend
 36971 | Spider:4 | Killed a Brimstone Fiend
 37923 | Spider:4 | Reached skill level 10 in Shields
 38448 | Spider:4 | Got a gossamer rune of Zot
 38649 | Shoals:1 | Entered Level 1 of the Shoals
 39570 | Shoals:1 | Noticed a kraken
 39582 | Shoals:1 | Killed a kraken
 39725 | Shoals:1 | Found a runed translucent door.
 39733 | Shoals:1 | Noticed a kraken
 39770 | Shoals:1 | Killed a kraken
 39803 | Shoals:1 | Noticed a kraken
 39818 | Shoals:1 | Killed a kraken
 39819 | Shoals:1 | Reached XP level 18. HP: 123/155 MP: 28/30
 43125 | Shoals:3 | Noticed Donald
 43134 | Shoals:3 | Killed Donald
 43135 | Shoals:3 | Reached skill level 15 in Shields
 44070 | Shoals:3 | Identified Roxanne's Compendium of Transformation
 44070 | Shoals:3 | Noticed Roxanne
 44102 | Shoals:3 | Killed Roxanne
 44349 | Shoals:4 | Entered Level 4 of the Shoals
 45775 | Shoals:4 | Got the Papyrus of Supportive Changing
 45844 | Shoals:4 | Got a barnacled rune of Zot
 46415 | Vaults:1 | Entered Level 1 of the Vaults
 46426 | Vaults:1 | Reached XP level 19. HP: 161/161 MP: 25/31
 47000 | Vaults:1 | Reached skill level 10 in Armour
 49868 | Vaults:2 | You fall into a shaft and drop 1 floor!
 49868 | Vaults:3 | Found Alubbusm's Assorted Antiques.
 49868 | Vaults:3 | Found Qyoj's Magic Scroll Boutique.
 49869 | Vaults:3 | Cast into level 2 of the Abyss (a deep elf sorcerer)
 49906 | Abyss:2  | Gained mutation: You occasionally shout uncontrollably at
                  | your foes. [a neqoxec]
 49906 | Abyss:2  | Gained mutation: You are frail. (-10% HP) [a neqoxec]
 50093 | Abyss:2  | Reached XP level 20. HP: 135/151 MP: 33/33
 50259 | Vaults:3 | Escaped the Abyss
 50260 | Vaults:3 | Noticed Mara
 50262 | Vaults:3 | Noticed Daunt's illusion
 50274 | Vaults:3 | Killed Mara
 50870 | Vaults:2 | Found a staircase to the Crypt.
 51312 | Orc:2    | Bought an amulet of regeneration for 360 gold pieces
 51597 | Vaults:2 | Reached skill level 18 in Fighting
 51824 | Vaults:2 | Identified the +1 chain mail of Duty {Str+3}
 52138 | Vaults:2 | Reached skill level 10 in Spellcasting
 52179 | Vaults:3 | Bought a scroll of fear for 49 gold pieces
 52179 | Vaults:3 | Bought a scroll of fog for 28 gold pieces
 52179 | Vaults:3 | Bought a scroll of teleportation for 42 gold pieces
 52186 | Vaults:3 | Bought a glowing cloak for 262 gold pieces
 52213 | Vaults:3 | Found a large runed translucent door.
 52213 | Vaults:3 | Found a large runed translucent door.
 52213 | Vaults:3 | Noticed Sianeop's ghost (adept GrFi)
 52235 | Vaults:3 | Noticed Margery
 52658 | Vaults:3 | Identified the +0 hat of the Thinker {rPois MP+9 Stlth+}
 52683 | Vaults:3 | Found a radiant altar of Vehumet.
 52689 | Vaults:3 | Identified the +1 hat of Inference {Dex+3}
 52705 | Vaults:3 | Found the +2 robe of Vines {NoPotionHeal Regen+++}
 52796 | Vaults:3 | Killed Sianeop's ghost
 52838 | Vaults:4 | Reached skill level 10 in Evocations
 52847 | Vaults:4 | Noticed Mennas
 52922 | Vaults:4 | Noticed Xtahua
 53000 | Vaults:4 | Killed Mennas
 53001 | Vaults:4 | Reached XP level 21. HP: 115/160 MP: 31/35
 53270 | Vaults:4 | Identified the +0 chain mail of the Harvest {rC+ Str+5}
 53384 | Vaults:4 | Reached skill level 15 in Long Blades
 53395 | Vaults:4 | Reached skill level 19 in Fighting
 53432 | Vaults:4 | Noticed Frederick
 53443 | Vaults:4 | Killed Frederick
 53755 | Vaults:4 | Killed Xtahua
 53934 | Vaults:4 | Noticed Boris
 53956 | Vaults:4 | Killed Boris
 54468 | Depths:1 | Entered Level 1 of the Depths
 54468 | Depths:1 | Noticed Bai Suzhen
 54500 | D:15     | Killed Bai Suzhen
 54680 | Depths:1 | Found an iron altar of Okawaru.
 54690 | Depths:1 | Found a glowing silver altar of Zin.
 54694 | Depths:1 | Found Zin's Purification Station.
 54728 | Depths:1 | Found a gateway to Hell.
 54780 | Depths:1 | Reached skill level 20 in Fighting
 54996 | Depths:1 | Found Omibilleucw's Jewellery Boutique.
 54996 | Depths:1 | Found Wootawku's Book Emporium.
 54997 | Depths:1 | Found Vofros's Book Emporium.
 55144 | Depths:2 | Noticed Louise
 55171 | Depths:2 | Noticed Saint Roka
 55596 | Depths:2 | Killed Saint Roka
 55597 | Depths:2 | Reached skill level 15 in Armour
 56005 | Depths:2 | Found a one-way gate to the infinite horrors of the Abyss.
 56025 | Depths:2 | Killed Louise
 56033 | Depths:2 | Reached XP level 22. HP: 131/172 MP: 8/36
 56197 | Depths:2 | Reached skill level 21 in Fighting
 56477 | Depths:2 | You fall into a shaft and drop 2 floors!
 57689 | Depths:3 | Identified the +3 falchion "Hydrabane" {vorpal, rC++}
 57715 | Depths:3 | Found a one-way gate leading to the halls of Pandemonium.
 58741 | Depths:4 | Reached XP level 23. HP: 147/180 MP: 7/37
 58990 | Depths:4 | Found a transporter.
 58997 | Depths:4 | Found a transporter.
 59259 | Depths:4 | Noticed a juggernaut
 59397 | Depths:4 | Found Xoedib's Weapon Emporium.
 59442 | Depths:4 | Acquired 562 gold pieces
 59491 | Depths:4 | Noticed a golden dragon
 59502 | Depths:4 | Killed a golden dragon
 59503 | Depths:4 | Noticed a juggernaut
 59531 | Depths:4 | Killed a juggernaut
 60111 | Depths:4 | Found a glowing silver altar of Zin.
 60111 | Depths:4 | Found a white marble altar of Elyvilon.
 60111 | Depths:4 | Found a glowing golden altar of the Shining One.
 60219 | Depths:4 | Found a runed translucent door.
 60248 | Depths:4 | Killed a juggernaut
 60283 | Depths:4 | Found a bloodstained altar of Trog.
 60283 | Depths:4 | Found the +8 Wrath of Trog {antimagic, *Rage Rampage}
 60304 | Depths:4 | Identified the +1 chain mail of Toruq {*Slow Dex+6}
 60436 | Depths:5 | Entered Level 5 of the Depths
 60529 | Depths:5 | Reached skill level 22 in Fighting
 60830 | Depths:5 | Identified the +3 chain mail of Atheism {Regen+ Str+3
                  | Stlth+}
 60980 | Depths:5 | Found a gateway to a ziggurat.
 61073 | Depths:5 | Found a gate to the Realm of Zot.
 61080 | Depths:5 | Reached XP level 24. HP: 188/189 MP: 18/37
 61760 | Depths:5 | Identified the +4 ring mail "Foriv" {+Blink Regen+}
 62609 | Orc:2    | Bought the ring "Lovizikh" {rN+ rCorr Str+3 Int+3 Dex-4}
                  | for 441 gold pieces
 62971 | Crypt:1  | Entered Level 1 of the Crypt
 64250 | Crypt:2  | Noticed Sojobo
 64262 | Crypt:2  | Killed Sojobo
 64492 | Crypt:2  | Got Muozolaz's Volume of Necromancy
 65330 | Crypt:3  | Entered Level 3 of the Crypt
 65625 | Crypt:3  | Found a basalt altar of Yredelemnul.
 65668 | Crypt:3  | Reached XP level 25. HP: 90/195 MP: 37/37
 65862 | Crypt:3  | Learned a level 4 spell: Passage of Golubria
 65950 | Crypt:3  | Reached skill level 10 in Slings
 65963 | Crypt:3  | Identified the +1 chain mail of the Blessed Realm {Regen+}
 65999 | Crypt:3  | Identified the ring of the Gloaming {Fire rN+ Stlth+}
 66573 | Crypt:3  | Found a staircase to the Tomb.
 66573 | Crypt:3  | Noticed Khufu
 66588 | Crypt:3  | Killed Khufu
 66589 | Crypt:3  | Reached skill level 5 in Translocations
 66626 | Crypt:3  | Identified the ring of Teuneol {rN+ Dex+2}
 66626 | Crypt:3  | Identified the ring of the Failed Coup {Drain rN+ MP+9
                  | Str+9 Dex+2}
 66626 | Crypt:3  | Identified the ring "Waebbu" {rN+ Will+}
 67265 | Elf:1    | Entered Level 1 of the Elven Halls
 67550 | Elf:1    | Got Khufu's Tome of Unholy Magic
 67618 | Elf:1    | Found Tuhaelah's Assorted Antiques.
 67629 | Elf:1    | Bought a glowing helmet for 307 gold pieces
 68161 | Elf:2    | Paralysed by an air elemental for 1 turns
 68620 | Elf:2    | Found a runed translucent door.
 68651 | Elf:2    | Found a runed translucent door.
 69223 | Elf:3    | Entered Level 3 of the Elven Halls
 69223 | Elf:3    | Found a runed translucent gate.
 69224 | Elf:3    | Found a runed translucent gate.
 69227 | Elf:3    | Paralysed by an air elemental for 1 turns
 69290 | Elf:3    | Found a runed translucent gate.
 69407 | Elf:3    | Identified the amulet of Sloth {Acrobat Dex+10 Stlth-}
 69423 | Elf:3    | Reached XP level 26. HP: 147/202 MP: 29/38
 70083 | Elf:3    | Identified the +0 ring mail "Zicweomeby" {+Blink}
 70092 | Elf:3    | Got the Almanac of Freezing Clay
 70216 | Elf:3    | Identified the +8 fustibalus of Geuriron {venom, Contam
                  | +Blink rPois Int-3}
 70280 | Elf:3    | Noticed Icepheonix32's ghost (adept DsFi)
 70280 | Elf:3    | Noticed belegose's ghost (adept DsGl)
 70318 | Elf:3    | Killed belegose's ghost
 70344 | Elf:3    | Killed Icepheonix32's ghost
 70355 | Elf:3    | Acquired the +1 pair of gloves of Classification {rElec
                  | rN+}
 70674 | Vaults:3 | Bought a glowing plate armour for 910 gold pieces
 70718 | Vaults:5 | Entered Level 5 of the Vaults
 70721 | Vaults:5 | Reached skill level 15 in Dodging
 71392 | Vaults:5 | Identified the +4 ring mail of the Iron City of Dis {rElec
                  | rF- rC- Regen+}
 71588 | Vaults:5 | Got a silver rune of Zot
 71896 | Vaults:5 | Reached XP level 27. HP: 172/208 MP: 38/38
 71925 | Vaults:5 | Identified the +5 flail of Outrage {speed, rElec rC+ Dex-2
                  | SInv}
 72047 | Vaults:5 | Noticed a dread lich
 72071 | Vaults:5 | Killed a dread lich
 72646 | Vaults:5 | Noticed a dread lich
 72663 | Vaults:5 | Killed a dread lich
 72935 | Vaults:5 | Identified the amulet of Conformity {Acrobat Harm}
 73573 | Slime:1  | Entered Level 1 of the Pits of Slime
 73591 | Slime:1  | Reached skill level 15 in Evocations
 74069 | Slime:3  | Gained mutation: You frequently scream uncontrollably at
                  | your foes. [a shining eye]
 74070 | Slime:3  | Gained mutation: Your spells are a little easier to cast,
                  | but a little less powerful. [a shining eye]
 74205 | Slime:4  | Gained mutation: You tend to lose your temper in combat. [a
                  | shining eye]
 74232 | Slime:3  | Reached skill level 23 in Fighting
 74283 | Slime:5  | Entered Level 5 of the Pits of Slime
 74873 | Slime:5  | Gained mutation: You evolve. [a shining eye]
 74881 | Slime:5  | Gained mutation: Potions are less effective at restoring
                  | your health. [a shining eye]
 74889 | Slime:5  | Gained mutation: Your body sometimes deteriorates upon
                  | taking damage. [a shining eye]
 74891 | Slime:5  | Gained mutation: You often lose your temper in combat. [a
                  | shining eye]
 74895 | Slime:5  | Noticed the Royal Jelly
 75039 | Slime:4  | Lost mutation: Your body sometimes deteriorates upon taking
                  | damage. [potion of mutation]
 75039 | Slime:4  | Lost mutation: You frequently scream uncontrollably at your
                  | foes. [potion of mutation]
 75039 | Slime:4  | Lost mutation: Your spells are a little easier to cast, but
                  | a little less powerful. [potion of mutation]
 75039 | Slime:4  | Gained mutation: You have a pair of small horns on your
                  | head. [potion of mutation]
 75039 | Slime:4  | Lost mutation: You have a pair of small horns on your head.
                  | [potion of mutation]
 75072 | Slime:5  | Gained mutation: You frequently scream uncontrollably at
                  | your foes. [a shining eye]
 75288 | Slime:5  | Lost mutation: You evolve. [potion of mutation]
 75288 | Slime:5  | Lost mutation: You are frail. (-10% HP) [potion of
                  | mutation]
 75288 | Slime:5  | Lost mutation: You frequently scream uncontrollably at your
                  | foes. [potion of mutation]
 75288 | Slime:5  | Lost mutation: You often lose your temper in combat.
                  | [potion of mutation]
 75343 | Slime:5  | Gained mutation: You are occasionally teleported next to
                  | monsters. [a shining eye]
 75346 | Slime:5  | Gained mutation: Your spells are a little easier to cast,
                  | but a little less powerful. [a shining eye]
 75348 | Slime:5  | Lost mutation: You tend to lose your temper in combat.
                  | [potion of mutation]
 75348 | Slime:5  | Lost mutation: Your spells are a little easier to cast, but
                  | a little less powerful. [potion of mutation]
 75348 | Slime:5  | Lost mutation: You occasionally shout uncontrollably at
                  | your foes. [potion of mutation]
 75348 | Slime:5  | Gained mutation: Your body sometimes deteriorates upon
                  | taking damage. [potion of mutation]
 75348 | Slime:5  | Gained mutation: Your spells are a little easier to cast,
                  | but a little less powerful. [potion of mutation]
 75348 | Slime:5  | Gained mutation: You have large cloven feet. [potion of
                  | mutation]
 75409 | Slime:5  | Killed the Royal Jelly
 75454 | Slime:5  | Identified the +9 plate armour of Spite {Stlth+}
 75456 | Slime:5  | Got the Papyrus of Necromancy and the Glacier
 75458 | Slime:5  | Got a slimy rune of Zot
 75459 | Slime:5  | Identified the ring of Yendor {Ice Drain rN++ Dex+4 Stlth+}
 75545 | Slime:5  | Identified the ring of Huon {AC+4 Int+2 Slay+6}
 75675 | Lair:5   | Lost mutation: Your body sometimes deteriorates upon taking
                  | damage. [potion of mutation]
 75675 | Lair:5   | Lost mutation: You have large cloven feet. [potion of
                  | mutation]
 75675 | Lair:5   | Gained mutation: You are frail. (-10% HP) [potion of
                  | mutation]
 75675 | Lair:5   | Gained mutation: Your magical capacity is low. (-10% MP)
                  | [potion of mutation]
 75675 | Lair:5   | Gained mutation: You are somewhat resistant to further
                  | mutation. [potion of mutation]
 75676 | Lair:5   | Lost mutation: You are frail. (-10% HP) [potion of
                  | mutation]
 75676 | Lair:5   | Lost mutation: Your magical capacity is low. (-10% MP)
                  | [potion of mutation]
 75676 | Lair:5   | Gained mutation: You passively map a small area around you.
                  | [potion of mutation]
 75677 | Lair:5   | Lost mutation: Your spells are a little easier to cast, but
                  | a little less powerful. [potion of mutation]
 75677 | Lair:5   | Lost mutation: You are occasionally teleported next to
                  | monsters. [potion of mutation]
 75931 | Orc:2    | Acquired a scarf of invisibility
 75949 | Orc:2    | Acquired a book of Transfigurations
 76973 | Zot:1    | Entered Level 1 of the Realm of Zot
 79594 | Vaults:3 | Bought a scroll of enchant armour for 105 gold pieces
 79827 | Orc:2    | Bought a potion of mutation for 128 gold pieces
 79934 | Elf:1    | Bought a potion of magic for 328 gold pieces
 79934 | Elf:1    | Bought a potion of heal wounds for 205 gold pieces
 81639 | Zot:2    | Found a runed translucent gate.
 81641 | Zot:2    | Found a runed translucent gate.
 81642 | Zot:2    | Found a runed translucent gate.
 81643 | Zot:2    | Noticed TheGamechu's ghost (veteran MiFi)
 82132 | Zot:2    | Identified the ring of Qyusuuf {*Corrode rElec rPois rF+
                  | Slay+3}
 82247 | Zot:2    | Killed TheGamechu's ghost
 82765 | Zot:2    | Identified the +0 helmet of the Armadillo {rF+}
 83468 | Zot:4    | Reached skill level 24 in Fighting
 84925 | Zot:4    | Identified the amulet of Ciucaoll {Acrobat Rampage Fragile
                  | Dex-2 Stlth+}
 85054 | Zot:5    | Entered Level 5 of the Realm of Zot
 85054 | Zot:5    | Noticed an orb of fire
 85255 | Zot:4    | Killed an orb of fire
 85256 | Zot:4    | Reached skill level 15 in Invocations
 86012 | Zot:5    | Noticed an orb of fire
 86016 | Zot:5    | Gained mutation: You tend to lose your temper in combat.
                  | [an orb of fire]
 86025 | Zot:5    | Killed an orb of fire
 86029 | Zot:5    | Noticed a dread lich
 86032 | Zot:5    | Noticed an orb of fire
 86089 | Zot:5    | Noticed an orb of fire
 86485 | Zot:5    | Killed an orb of fire
 86562 | Zot:5    | Killed a dread lich
 87373 | Zot:5    | Noticed an ancient lich
 87396 | Zot:5    | Killed an ancient lich
 87608 | Zot:5    | Reached skill level 25 in Fighting
 87726 | Zot:5    | Noticed an orb of fire
 87732 | Zot:5    | Noticed an orb of fire
 87733 | Zot:5    | Noticed an orb of fire
 87798 | Zot:5    | Gained mutation: You sometimes lose the ability to read
                  | scrolls when taking damage. [an orb of fire]
 87800 | Zot:5    | Killed an orb of fire
 87862 | Zot:5    | Killed an orb of fire
 87980 | Zot:5    | Gained mutation: You often lose your temper in combat. [an
                  | orb of fire]
 87988 | Zot:5    | Killed an orb of fire
 88041 | Zot:5    | Noticed an orb of fire
 88047 | Zot:5    | Noticed an ancient lich
 88050 | Zot:5    | Killed an orb of fire
 88058 | Zot:5    | Killed an ancient lich
 88081 | Zot:5    | Killed an orb of fire
 88818 | Zot:5    | Got the Orb of Zot
 89533 | D:4      | Gained mutation: Your magical capacity is low. (-10% MP) [a
                  | cacodemon]
 89596 | D:3      | Noticed Boris
 89604 | D:3      | Killed Boris
 89666 | D:$      | Escaped with the Orb!

Illustrated notes

Levels and vault maps discovered:
D:1:      lightli_arrival_noodles, layout_basic, ebering_ecumenical_altar_box
D:2:      layout_basic, uniq_robin
D:3:      layout_basic, uniq_ijyb, uniq_natasha
D:4:      layout_loops_ring, cheibrodos_sewer_entry_sluice,
          gup_ossuary_entry_pyramid, serial_bayou_ford_a
D:5:      layout_layer_cave, minmay_temple_entry_tees, uniq_menkaure
D:6:      layout_basic, mainiacjoe_overflow_small_starburst
D:7:      layout_basic, nicolae_hepliaklqana_monster_ancestors,
          mainiacjoe_overflow_paths, hangedman_decor_slide_cut,
          amcnicky_mini_corridor_feature, serial_bayou_crossing
D:8:      layout_basic, lemuel_doored_altar
D:9:      layout_roguey, erik_lair_orcish_takeover,
          minmay_fractal_squares_gapless_5
D:10:     layout_loops_cross, amethyst_overflow_temple_binary, enter_bailey_2,
          uniq_nergalle
D:11:     layout_roguey, st_stairs_7, tso_oasis_becter, uniq_erolcha
D:12:     layout_layer_cave, orc_0_dummy, bh_walls_and_bars, uniq_urug
D:13:     layout_irregular_city, nicolae_dithmenos_the_darkroom
D:14:     layout_basic, david_vaults_2, fountainhead, serial_bayou_lagoon_a
D:15:     grunt_enter_depths_hoard, layout_basic, serial_park_square3
          [serial_park_minivault_5x5_2]
Temple:   regret_index_temple_sphere_string
Lair:1:   beast_lair_carwin_large_3, layout_big_grid, basic_altar,
          lemuel_centaur_altar, grunt_megastairs_4
Lair:2:   layout_chaotic_city, portal_ice_cave_entry_ice_simulacra,
          grunt_megastairs_3, lemuel_fruit_tree, serial_bayou_shore_a
Lair:3:   layout_loops_ring, spider_nest_entry_a, minmay_lair_oklob_chamber,
          grunt_megastairs_5
Lair:4:   layout_regular_city, elwin_shoals_entry_rocks, st_stairs_8,
          minmay_stone_trees_small, grunt_megastairs_2, serial_bayou_shore_b
Lair:5:   layout_cave_pods, minmay_slime_entry_eyes, uniq_rupert
Lair:6:   hangedman_lair_in_review, layout_layer_cave, serial_bayou,
          serial_bayou_pond_d, serial_bayou_pond_a, serial_bayou_shore_b,
          serial_bayou_pond_b
Shoals:1: nicolae_shoals_lighthouse, layout_shoals
Shoals:2: layout_shoals
Shoals:3: layout_shoals, uniq_roxanne, uniq_donald
Shoals:4: shoals_end_grunt_garden, layout_shoals
Spider:1: layout_spider_delve, nicolae_spider_nooks_and_crannies, uniq_nikola
Spider:2: layout_spider_delve, nicolae_spider_cling_halls, uniq_arachne
Spider:3: layout_spider_delve
Spider:4: grunt_spider_rune_parallel, nicolae_spider_jagged_tunnels
Slime:1:  layout_caves, cheibrodos_slime_lost_civilization_7
Slime:2:  layout_caves
Slime:3:  layout_caves
Slime:4:  layout_caves
Slime:5
Orc:1:    layout_caves, serial_shops, nicolae_shop_statue_plus,
          guppyfry_library_mini
Orc:2:    kennysheep_orc_mage_school, layout_diamond_mine
Elf:1:    eino_elf_arrival_the_gate, layout_gridlike, minmay_elf_necromancy,
          grunt_megastairs_1, minmay_shop_star
Elf:2:    elven_hall_of_blades_hangedman_original
          [nicolae_blade_entry_splitting_headache], layout_geoelf_octagon,
          st_stairs_11, solitary_fountain
Elf:3:    grunt_elf_hall_branching, layout_loops_corners,
          gammafunk_ghost_cemetery
Vaults:1: v_misc_23, v_misc_9, vaults_room_pool, hangedman_vaults_slice,
          nicolae_vaults_halls_meeting, nicolae_vaults_twisting_passages,
          nicolae_vaults_little_squares_1, vaults_dpeg_hooks,
          vaults_standard_mumra_enter_the_diamond, hangedman_vaults_capsules,
          layout_vaults_chaotic_city
Vaults:2: vaults_mumra_minichess_inversion, nicolae_vaults_big_angled_halls,
          minmay_crypt_entry_simple_box, v_misc_24, hangedman_vaults_slice,
          nicolae_vaults_statue_guard, vaults_dpeg_diagonal,
          vaults_room_door_ring, vaults_room_door_ring, v_rooms_4, v_misc_32,
          v_rooms_6, v_rooms_6, nicolae_vaults_diagonal_hallway_6,
          ontoclasm_vaults_gateway, serial_ice_h, layout_vaults_omnicross
Vaults:3: ebering_vaults_ghost_disaster_area, grunt_tower_of_power,
          vaults_room_hallway, layout_vaults_omnibox, serial_shops, shop, shop,
          uniq_margery, uniq_mara
Vaults:4: ontoclasm_vaults_fault, v_pattern_5, v_misc_24,
          nicolae_vaults_little_squares_6, nicolae_vaults_big_ls,
          nicolae_vaults_ring_of_whatevers, ontoclasm_vaults_claustrophobia,
          ontoclasm_vaults_hangar, layout_vaults_quadrants, serial_glass,
          uniq_xtahua, uniq_boris, uniq_mennas, uniq_frederick
Vaults:5
Crypt:1:  layout_gridlike, grunt_ministairs_1, minmay_misc_feat_rows
Crypt:2:  layout_basic, special_room [special_room_morgue], uniq_sojobo
Crypt:3:  grunt_crypt_end_deaths_head
Depths:1: layout_cave_shapes, hangedman_tar_grid_catacomb, okawaru_trees_2,
          minmay_misc_feat_pillars, zin_purify, minmay_shop_grove,
          uniq_bai_suzhen
Depths:2: minmay_the_grid_3x3 [minmay_the_grid_mess, minmay_the_grid_tree,
          minmay_the_grid_minigrid_small_alt, minmay_the_grid_embedded,
          minmay_the_grid_outer_diamond, minmay_the_grid_expand,
          minmay_the_grid_small_cups, minmay_the_grid_rooms,
          minmay_the_grid_prize_shrinking_boxes], layout_long_grid,
          nicolae_abyss_entry_one_way_or_another, grunt_mini_vestibule,
          chequers_serial_rivers_micro_b, uniq_saint_roka
Depths:3: minmay_shrinking_squares, layout_honeycomb, pan_entry, abyss_entry,
          minmay_door_square, hell_entry, serial_bayou_shore_b
Depths:4: emtedronai_trogs_sanctum, layout_cave_shapes, serial_shops,
          nicolae_shop_trees, hangedman_coc_ice_floe,
          abyss_entry_small_statue_room, good_gods_mini_temple,
          minmay_misc_feat_four_crosses, nzn_random_ring
Depths:5: grunt_crosshair, layout_cave_shapes, enter_ziggurat_a, abyss_entry,
          hell_entry, serial_bayou_shore_b
Zot:1:    layout_twisted_circle, st_small_dragon_hoard_2
Zot:2:    kennysheep_blocky_hall, layout_cathedral_of_symmetry,
          gammafunk_ghost_tricky_traps, grunt_ministairs_4, st_stairs_13,
          nicolae_zot_crop_circle
Zot:3:    layout_misc_corridors
Zot:4:    kennysheep_oblong_rooms, layout_onion_interference
Zot:5:    layout_basic, st_stairs_8, grunt_ministairs_11, drop_trap,
          hangedman_zot_diagonal_lockstep

Skill      XL: |  1  2  3  4  5  6  7  8  9 10 11 12 13 14 15 16 17 18 19 20 21 22 23 24 25 26 27 |
---------------+----------------------------------------------------------------------------------+-----
Ice Magic      | 5 6 7 8 10 14 15 16 17 18 19 21 | 21.0
Fighting       | 1 2 4 5 7 10 11 12 13 17 18 20 21 22 25 | 25.7
Stealth        | 2 3 4 5 |  5.0
Transmutations | 1 2 3 |  3.0
Earth Magic    | 1 2 3 |  3.0
Shields        | 1 4 12 15 | 15.0
Evocations     | 3 5 6 7 8 10 11 12 13 14 19 | 19.3
Spellcasting   | 3 4 5 6 7 8 9 10 11 12 | 12.6
Dodging        | 3 6 7 8 10 11 12 13 14 15 | 15.0
Conjurations   | 3 4 |  4.0
Translocations | 3 5 7 |  7.2
Armour         | 3 4 6 8 12 14 15 17 20 21 22 | 22.0
Invocations    | 1 5 6 7 9 10 12 16 | 16.0
Slings         | 5 6 7 9 11 | 11.0
Long Blades    | 8 12 14 15 16 18 21 24 | 24.7

Action                   |  1- 3 |  4- 6 |  7- 9 | 10-12 | 13-15 | 16-18 | 19-21 | 22-24 | 25-27 || total
-------------------------+-------+-------+-------+-------+-------+-------+-------+-------+-------++-------
Melee: Dagger            |     2 |     3 |       |       |       |       |       |       |       ||     5
       Unarmed           |       |     5 |       |       |       |       |       |       |       ||     5
       Whip              |       |       |    89 |       |       |       |       |       |       ||    89
       Falchion          |       |       |    21 |       |       |       |       |       |       ||    21
       Trident           |       |       |    23 |       |       |       |       |       |       ||    23
       War axe           |       |       |    31 |   215 |    62 |       |       |       |       ||   308
       Scimitar          |       |       |       |       |   104 |       |       |       |       ||   104
       Double sword      |       |       |       |       |   186 |   778 |  1040 |  1380 |  2434 ||  5818
       Eudemon blade     |       |       |       |       |       |       |       |    66 |       ||    66
 Fire: Hunting sling     |       |   224 |   214 |    75 |       |       |       |       |       ||   513
       Fustibalus        |       |       |       |   162 |   582 |   748 |   133 |   234 |   180 ||  2039
Throw: Stone             |     9 |    12 |       |       |       |       |       |       |       ||    21
 Cast: Freeze            |    52 |    52 |    47 |    60 |    66 |       |       |       |       ||   277
       Ozocubu's Armour  |     2 |     3 |    14 |    31 |    44 |    21 |    34 |    46 |    26 ||   221
       Frozen Ramparts   |       |     5 |    27 |    46 |    71 |    25 |    45 |    38 |    22 ||   279
       Hailstorm         |       |       |     2 |     3 |       |       |     3 |     1 |       ||     9
       Blink             |       |       |       |       |     1 |       |     4 |       |    13 ||    18
       Lesser Beckoning  |       |       |       |       |     6 |    30 |    16 |    32 |    97 ||   181
       Ozocubu's Refrige |       |       |       |       |       |    21 |    27 |    27 |    74 ||   149
       Passage of Golubr |       |       |       |       |       |       |       |       |     8 ||     8
       Passwall          |       |       |       |       |       |       |       |       |     1 ||     1
Invok: Slouch            |       |       |       |       |     1 |       |       |       |     1 ||     2
       Step From Time    |       |       |       |       |       |       |     3 |     1 |     2 ||     6
 Abil: Hop               |     1 |       |     1 |     1 |       |       |       |     2 |     8 ||    13
       Evoke Invisibilit |       |       |       |       |       |       |       |       |     1 ||     1
Evoke: Wand              |       |       |     1 |     1 |     5 |       |     7 |     3 |       ||    17
       Box of beasts     |       |       |       |       |       |       |     2 |     1 |     4 ||     7
       Phantom mirror    |       |       |       |       |       |       |     4 |     1 |     2 ||     7
       Condenser vane    |       |       |       |       |       |       |       |     1 |       ||     1
       Tin of tremorston |       |       |       |       |       |       |       |       |     1 ||     1
       Phial of floods   |       |       |       |       |       |       |       |       |     1 ||     1
  Use: Scroll            |       |       |    11 |     8 |    16 |     3 |     6 |     9 |    42 ||    95
       Potion            |       |       |       |       |     5 |     2 |     4 |     4 |    12 ||    27
 Stab: Sleeping          |       |       |     1 |     3 |     4 |     2 |       |     2 |     5 ||    17
       Distracted        |       |       |       |       |       |       |     3 |     2 |     4 ||     9
       Invisible         |       |       |       |       |       |       |       |       |     3 ||     3
Armor: Robe              |     4 |    44 |    77 |    15 |       |       |       |       |       ||   140
       Steam dragon scal |       |       |       |    80 |    73 |       |       |       |       ||   153
       Ring mail         |       |       |       |       |    79 |   347 |       |       |       ||   426
       Chain mail        |       |       |       |       |       |    56 |   323 |   259 |   202 ||   840
       Scale mail        |       |       |       |       |       |       |       |   147 |    33 ||   180
       Gold dragon scale |       |       |       |       |       |       |       |       |   380 ||   380
       Ice dragon scales |       |       |       |       |       |       |       |       |    77 ||    77
       Quicksilver drago |       |       |       |       |       |       |       |       |    25 ||    25
Dodge: Dodged            |    23 |    88 |   147 |   424 |   529 |  1051 |   537 |   726 |  1183 ||  4708
Block: Buckler           |       |       |    30 |   150 |   205 |   466 |       |       |       ||   851
       Reflection        |       |       |       |       |     5 |    71 |    40 |    12 |    85 ||   213
       Kite shield       |       |       |       |       |       |   479 |   856 |  1090 |  1794 ||  4219
       Rpst.: Falchion   |       |       |     4 |       |       |       |       |       |       ||     4
       Scimitar          |       |       |       |       |    18 |       |       |       |       ||    18
       Double sword      |       |       |       |       |    32 |   138 |    75 |   111 |   200 ||   556
       Eudemon blade     |       |       |       |       |       |       |       |     7 |       ||     7
